 Dungeon Crawl Stone Soup version 0.12.2-22-g286eab9 (webtiles) character file.

314 Gabry the Shield-Bearer (level 5, 0/46 HPs)
             Began as a Minotaur Fighter on Aug 27, 2013.
             Slain by a gnoll
             ... wielding a +0,+0 spear
              (4 damage)
             ... on Level 4 of the Dungeon.
             The game lasted 00:13:48 (2173 turns).

Gabry the Shield-Bearer (Minotaur Fighter)          Turns: 2173, Time: 00:13:48

HP   0/46        AC  8     Str 20      XL: 5   Next: 44%
MP   1/1         EV  7     Int  5      God:
Gold 120         SH 20     Dex 11      Spells:  0 memorised,  4 levels left

Res.Fire  : . . .   See Invis. : .   n - +0,+1 whip (reach)
Res.Cold  : . . .   Warding    : .   v - +1 ring mail
Life Prot.: . . .   Conserve   : .   c - +0 shield
Res.Poison: .       Res.Corr.  : .   (helmet restricted)
Res.Elec. : .       Clarity    : .   (no cloak)
Sust.Abil.: . .     Spirit.Shd : .   (no gloves)
Res.Mut.  : .       Stasis     : .   y - +0 pair of boots
Res.Rott. : .       Ctrl.Telep.: .   w - amulet of inaccuracy {unknown}
Saprovore : . . .   Flight     : .   (no ring)
                                     e - ring of flight

@: slightly resistant to hostile enchantments, extremely unstealthy
A: retaliatory headbutt, horns 2
a: Evoke Flight


You were on level 4 of the Dungeon.
You were not hungry.

You visited 1 branch of the dungeon, and saw 4 of its levels.

You collected 100 gold pieces.

Inventory:

Hand weapons
 a - a +0,+0 mace
 b - a +0,+0 mace of protection
 h - a +0,+0 dagger
 n - a +0,+1 whip of reaching (weapon)
 s - a +1,+0 dagger of protection (quivered)
Armour
 c - a +0 shield (worn)
 v - a +1 ring mail (worn)
 y - a +0 pair of boots (worn)
Comestibles
 d - a bread ration
 x - a meat ration
Scrolls
 l - 3 scrolls of remove curse {unknown}
 m - 2 scrolls of teleportation
Jewellery
 e - a ring of flight (left hand)
 g - an uncursed amulet of clarity
 k - an uncursed amulet of resist mutation
 w - an amulet of inaccuracy (around neck) {unknown}
Potions
 i - a potion of might
 j - a potion of heal wounds {unknown}
 o - a potion of restore abilities {unknown}
 p - a potion of confusion {unknown}
 r - 2 potions of poison {unknown}
 t - a potion of curing {unknown}


   Skills:
 + Level 4.1 Fighting
 + Level 3.2 Maces & Flails
 + Level 4.9 Armour
 + Level 2.5 Dodging
 + Level 5.0 Shields
 + Level 0.2 Traps


You had 4 spell levels left.
You didn't know any spells.

Dungeon Overview and Level Annotations

Branches:
Dungeon (4/27)
 Temple: D:4-7

Altars:
Zin


Innate Abilities, Weirdness & Mutations

You reflexively headbutt those who attack you in melee.
You have a pair of horns on your head.


Message History

You kill the gnoll!
The gnoll hits you from afar with a halberd!
Things that are here:
a flail; a gnoll corpse The gnoll hits you with a halberd!
* * * LOW HITPOINT WARNING * * *
You see here a gnoll corpse.
You closely miss the gnoll. You headbutt the gnoll!
The gnoll is heavily wounded.
The gnoll barely misses you. The gnoll hits you but does no damage.
You closely miss the gnoll. Your headbutt misses the gnoll.
The gnoll is heavily wounded.
The gnoll barely misses you. You furiously retaliate!
You headbutt the gnoll! You block the gnoll's attack.
You hit the gnoll.
You kill the gnoll!
Your Shields skill increases to level 5!
The gnoll hits you but does no damage. The gnoll hits you with a spear.
You die...

§§§§§.+ ........##
§§§§§.# #.........
§§§§§.# ##........#
§§§.§.# ..........#
......# #........#
......# #........#
......# #....<$..#
#'##### #........#
..# ######@g##
'###### ########%###
......# #.......)(.#
......# #..........#
......# #..........#
......###..........#
......'.'......%...#
.
......###..........#
.. ......#
#..........+ ..


You could see a gnoll.

Vanquished Creatures
  2 worker ants (D:4)
  Terence (D:2)
  3 gnolls (D:4)
  3 adders
  2 giant mites
  A giant gecko (D:2)
  3 orcs (D:3)
  2 giant cockroaches (D:2)
  9 hobgoblins
  4 jackals (D:3)
  7 kobolds
  A quokka (D:3)
  2 ball pythons (D:1)
  4 bats
  3 giant newts
  9 goblins
  A hobgoblin skeleton (D:4)
  7 rats
64 creatures vanquished.

Notes
Turn   | Place    | Note
--------------------------------------------------------------
     0 | D:1      | Gabry, the Minotaur Fighter, began the quest for the Orb.
     0 | D:1      | Reached XP level 1. HP: 19/19 MP: 0/0
   216 | D:1      | Reached skill level 4 in Shields
   216 | D:1      | Reached XP level 2. HP: 26/26 MP: 0/0
   725 | D:2      | Reached XP level 3. HP: 28/33 MP: 1/1
   827 | D:2      | Noticed Terence
   850 | D:2      | Killed Terence
  1191 | D:3      | Reached XP level 4. HP: 33/40 MP: 1/1
  1415 | D:3      | Reached skill level 1 in Dodging
  1810 | D:3      | Found a glowing silver altar of Zin.
  1998 | D:4      | Reached XP level 5. HP: 26/46 MP: 1/1
  2172 | D:4      | Reached skill level 5 in Shields
  2173 | D:4      | Slain by a gnoll

Action                   |  1- 3 |  4- 6 || total
-------------------------+-------+-------++-------
Melee: Mace              |    44 |       ||    44
       Whip              |    64 |   122 ||   186
  Use: Scroll            |       |     7 ||     7
       Potion            |       |     1 ||     1
